 Dungeon Crawl Stone Soup version bcrawl-1.40.2 (webtiles) character file.

Game seed: 7683191038390313976

12085833 Artagas the Sorcerer (level 27, 246/246 HPs)
             Began as an Oni Wanderer on Oct 30, 2023.
             Was a High Priest of Nemelex Xobeh.
             Escaped with the Orb
             ... and 3 runes on Nov 3, 2023!
             The game lasted 05:12:15 (81305 turns).

Artagas the Sorcerer (Oni Wanderer)                Turns: 81305, Time: 05:12:15

Health: 246/246    AC: 40    Str: 25    XL:     27
Magic:  59/59      EV: 16    Int: 21    God:    Nemelex Xobeh [*****.]
Gold:   1786       SH: 20    Dex: 18    Spells: 9/69 levels left

rFire    + + +     GDR:     40% a - +9 demon blade (freeze)
rCold    + + .     SeeInvis +   g - +1 buckler "Fiatoeq" {Str+8 Dex+3 Stlth-}
rNeg     . . .     Gourm    .   B - +6 storm dragon scales {Bai Suzhen}
rPois    +         Faith    .   V - +2 hat {MR+}
rElec    +         Spirit   .   k - +4 dragonskin cloak
rCorr    +         Reflect  +   b - +1 pair of gloves of the Earth {rF+}
MR       ++++.     Clarity  +   P - +1 pair of boots of Omission {MR+ Dex+5}
Stlth    ..........             Q - +6 amulet of reflection
HPRegen  0.51/turn              I - ring of Qyblamej {+Fly rF+ rC+ MP+9 Dex-3}
MPRegen  0.36/turn              p - +5 ring of protection

@: swift, flying, studying Axes, very quick
A: oni magic, claws 1, fangs 1, horns 1, see invisible, blink, clarity, weak 1,
no potion heal 1, MP-powered wands
0: Orb of Zot
}: 3/15 runes: barnacled, silver, gossamer
a: Blink, Draw Escape, Draw Destruction, Draw Summoning, Triple Draw, Deal Four,
Stack Five, Renounce Religion


You escaped.
You worshipped Nemelex Xobeh.
Nemelex Xobeh was extremely pleased with you.
You were full.

You visited 9 branches of the dungeon, and saw 41 of its levels.
You also visited: Sewer and Gauntlet.

You collected 8045 gold pieces.
You spent 6259 gold pieces at shops.

Inventory:

Hand Weapons
 a - a +9 demon blade of freezing (weapon)
   (You bought it in a shop on level 1 of the Vaults)
 l - the +7 flail of Jenan {drain, rElec rC+ MR++ Dex+3}
   (You found it on level 11 of the Dungeon)

   A truly terrible weapon, it drains the life of those it strikes.
   It affects your dexterity (+3).
   It protects you from cold.
   It insulates you from electricity.
   It affects your resistance to hostile enchantments.
Missiles
 R - 9 throwing nets {=f}
 U - 111 steel javelins (quivered)
Armour
 b - the +1 pair of gloves of the Earth (worn) {rF+}
   (You found it on level 3 of the Depths)

   It protects you from fire.
 g - the +1 buckler "Fiatoeq" (worn) {Str+8 Dex+3 Stlth-}
   (You found it on level 1 of the Realm of Zot)

   It affects your strength (+8).
   It affects your dexterity (+3).
   It makes you less stealthy.
 k - the +4 dragonskin cloak (worn)
   (You took it off Tiamat on level 1 of the Realm of Zot)
 B - +6 storm dragon scales (worn) {Bai Suzhen}
   (You found it on level 3 of the Depths)
 D - a +1 buckler of resistance
   (You bought it in a shop in the Orcish Mines)
 P - the +1 pair of boots of Omission (worn) {MR+ Dex+5}
   (You found it on level 3 of the Spriggan Forest)

   It affects your dexterity (+5).
   It affects your resistance to hostile enchantments.
 V - a +2 hat of magic resistance (worn)
   (You took it off Gastronok on level 9 of the Dungeon)
Jewellery
 i - an uncursed ring of see invisible
   (You took it off a vault sentinel on level 3 of the Vaults)
 p - a +5 ring of protection (right hand)
   (You found it on level 6 of the Lair of Beasts)
 x - the amulet of Uriqovi {RegenMP +Blink rN+++ Dex-2 Stlth+}
   (You took it off a spriggan berserker on level 2 of the Depths)

   [amulet of magic regeneration]

   It increases your magic regeneration.
   It affects your dexterity (-2).
   It renders you almost immune to negative energy.
   It lets you blink.
   It makes you more stealthy.
 F - the ring "Douprimp" {Fire +Inv}
   (You bought it in a shop on level 3 of the Vaults)

   [ring of fire]

   It enhances your fire magic.
   It protects you from fire.
   It makes you vulnerable to cold.
   It lets you turn invisible.
 I - the ring of Qyblamej (left hand) {+Fly rF+ rC+ MP+9 Dex-3}
   (You took it off a gnoll on level 11 of the Dungeon)

   [ring of protection from fire]

   It affects your dexterity (-3).
   It protects you from fire.
   It protects you from cold.
   It affects your magic capacity (+9).
   It lets you fly.
 Q - a +6 amulet of reflection (around neck)
   (You found it on level 1 of the Lair of Beasts)
 Y - the ring of Thoughtfulness {rCorr Int+5}
   (You bought it in a shop on level 3 of the Vaults)

   [ring of resist corrosion]

   It affects your intelligence (+5).
   It provides partial protection from all sources of acid and corrosion.
Wands
 o - a wand of charming (9)
   (You found it on level 2 of the Depths)
 v - a wand of digging (16)
   (You found it on level 1 of the Spriggan Forest)
 K - a wand of acid (13)
   (You found it on level 1 of the Lair of Beasts)
 N - a wand of paralysis (6)
   (You took it off a centaur warrior on level 3 of the Vaults)
 O - a wand of clouds (4)
   (You bought it in a shop on level 1 of the Vaults)
 T - a wand of iceblast (30)
   (You found it on level 2 of the Lair of Beasts)
Scrolls
 c - 5 scrolls of fog
 t - 4 scrolls of teleportation
 y - 13 scrolls of fear
 z - 5 scrolls of blinking
 E - 3 scrolls of summoning
 G - 6 scrolls of immolation
Potions
 d - 8 potions of might
 f - 4 potions of mutation
 h - 2 potions of haste
 m - 4 potions of brilliance
 n - a potion of resistance
 q - 11 potions of curing
 s - 7 potions of agility
 w - 4 potions of heal wounds
 A - 5 potions of flight
 H - 4 potions of magic
 J - 4 potions of ambrosia
 L - 3 potions of berserk rage
 M - 3 potions of invisibility
 X - 3 potions of lignification
 Z - 2 potions of cancellation
Miscellaneous
 j - 2 boxes of beasts
 r - a lamp of fire
   (You bought it in a shop on level 1 of the Shoals)
 C - a sack of spiders
   (You found it on level 5 of the Lair of Beasts)
 S - a phial of floods
   (You found it on level 2 of the Spider Nest)
 W - 3 phantom mirrors
Comestibles
 e - 34 rations {!d}


   Skills:
 - Level 20.0 Fighting
   Level 10.0(12.1) Short Blades
 - Level 12.5(14.0) Long Blades
 - Level 4.0 Throwing
 - Level 15.0 Armour
 - Level 11.0 Dodging
 - Level 4.1 Stealth
 - Level 11.0 Shields
 + Level 21.9 Spellcasting
   Level 21.9 Conjurations
   Level 21.9 Hexes
   Level 21.9 Charms
   Level 21.9 Summonings
   Level 21.9 Necromancy
   Level 21.9 Translocations
   Level 21.9 Transmutations
   Level 21.9 Fire Magic
   Level 21.9 Ice Magic
   Level 21.9 Air Magic
   Level 21.9 Earth Magic
   Level 21.9 Poison Magic
 - Level 17.0 Invocations
 - Level 12.0 Evocations


You had 9 spell levels left.
You knew the following spells:

 Your Spells              Type           Power        Failure   Level  Hunger
a - Infusion              Chrm           #######.     0%          1    None
b - Bolt of Draining      Conj/Necr      #######...   1%          5    None
c - Agony                 Necr           #######.     0%          4    None
d - Shadow Creatures      Summ           N/A          1%          7    None
e - Summon Fire Elementa  Fire/Summ      #######..    1%          7    None
f - Spellforged Servitor  Conj/Summ      #######...   1%          7    None
g - Mana Rupture          Conj/Hex       #######...   1%          7    None
h - Lehudib's Crystal Sp  Conj/Erth      #######...   7%          8    ###....
i - Teleport Other        Tloc           #######.     0%          3    None
j - Apportation           Tloc           ######       0%          1    None
k - Silence               Hex/Air        #######...   1%          5    None
l - Summon Butterflies    Summ           #######.     0%          1    None
m - Slow                  Hex            #######.     0%          1    None
n - Corona                Hex            #######      0%          1    None
o - Shackle               Hex            #######.     0%          2    None

Your spell library contained the following spells:

 Spells                   Type           Power        Failure   Level  Hunger
 Sandblast                Erth           ######       0%          1    None
 Ice Form                 Ice/Tmut       #######.     0%          4    None
 Necromutation            Tmut/Necr      #######.     7%          8    ###....
 Passage of Golubria      Tloc           Unusable     N/A         5    N/A

Dungeon Overview and Level Annotations

Branches:
Dungeon (12/12)            Temple (0/1) D:6            Lair (6/6) D:8
 Shoals (3/3) Lair:3       Spider (3/3) Lair:3        Slime (0/5) Orc
    Orc (1/1) D:9          Vaults (3/3) D:11         Forest (3/3) Lair:5
  Crypt (0/2) Vaults:1     Depths (5/5) D:12            Zot (5/5) Depths:5

Altars:
Ashenzari
Cheibriados
Fedhas
Nemelex Xobeh
Okawaru
Qazlal
Ru
Sif Muna
Vehumet
Xom
Jiyva

Shops:
D:8 :   D:11 }   Orc [([**   Shoals:1 }   Vaults:1 }}[:(   Vaults:3 =
Depths:1 !

Portals:
Hell: Depths:1 Depths:2 Depths:3 Depths:4 Depths:5
Abyss: Depths:2 Depths:3
Pandemonium: Depths:3
Ziggurat: Depths:4
Trove: Depths:3 (give +6 demon trident)

Annotations:
D:12 Roxanne
Lair:1 exclusion: oklob plant
Lair:3 1 runed translucent door, Oluanan's ghost, journeyman DsFi
Spider:1 exclusion: downstairs
Spider:2 exclusion: 2 orange crystal statues
Depths:2 exclusion: orange crystal statue
Depths:3 Oweni Yrr's ghost, adept DrTm; tronn's ghost, legendary GnFi


Innate Abilities, Weirdness & Mutations

You learn spells by gaining experience, not through books or religion.
You only train spellcasting to practice magic.
You have sharp fingernails.
You have very sharp teeth.
You have a pair of small horns on your head.
You have supernaturally acute eyesight. (SInv)
You can translocate small distances at will.
You possess an exceptional clarity of mind.
You are weak. (Str -2)
Potions are less effective at restoring your health.
You expend magic power (3 MP) to strengthen your wands.


Message History

You hit the balrug!! You freeze the balrug!
You kill the balrug!
You block the red devil's attack.
Your ufetubus blinks!
Your ynoxinul gestures.
Your ufetubus barely misses the red devil.
Your ufetubus misses the red devil.
You swap places.
Your ufetubus barely misses the red devil.
Your ufetubus misses the red devil.
Your ynoxinul gestures.
The red devil hops backward while attacking.
You block the red devil's attack. The adder closely misses your rakshasa.
Your ufetubus blinks!
The adder barely misses your ufetubus.
Your ufetubus misses the red devil.
Your ufetubus closely misses the red devil.
Your ufetubus misses the red devil.
Your ufetubus hits the red devil but does no damage.
Your ufetubus barely misses the red devil. x2
You slash the red devil!! You freeze the red devil!
You kill the red devil!
Your ufetubus blinks!
The adder barely misses your rakshasa.
You swap places.
Your ufetubus hits the adder. Your ufetubus misses the adder.
The adder bites your ufetubus.
Your ufetubus blinks!
Your rakshasa misses the adder. The eye of draining gazes at you.
You feel your power leaking away.
Your ufetubus blinks!
Your ufetubus barely misses the adder.
Your ufetubus closely misses the adder.
You swap places.
The adder bites your ufetubus.
Your ufetubus misses the adder. Your ufetubus hits the adder.
Your ufetubus hits the eye of draining. x2
Your ufetubus blinks!
Your rakshasa hits the adder from afar with a +0 trident!
The adder dies!
Your ufetubus blinks!
You slash the eye of draining!! You freeze the eye of draining!
You kill the eye of draining!
No target in view!
No target in view!
(D) Dungeon (T) Temple (L) Lair (A) Shoals (N) Spider Nest (M) Slime Pits (O) Orcish Mines (V) Vaults (F) Spriggan Forest (C) Crypt (U) Depths (H) Hell (Z) Zot
Where to? (Enter - D:1 @ (x,y), ? - help)
What level of the Dungeon? (default 1, ? - help)
You swap places.
Your magical infusion is running out.
Your ufetubus disappears in a puff of smoke!
Magic restored.
You are no longer magically infusing your attacks.
HP restored.
Your ufetubus disappears in a puff of smoke!
There is a stone staircase leading up here.
You climb upwards.
Your summoned ally is left behind.
There is a stone staircase leading down here.
A blizzard demon comes into view.
There is an open door here.
The blizzard demon waves its arms in wide circles.
The air twists around and strikes you. The blizzard demon gestures at you.
The bolt of cold misses you.
There is a stone staircase leading up here.
The blizzard demon waves its arms in wide circles.
The air twists around and strikes you.
A rune on the stairs sparks and fizzles.
You climb upwards.
There is a stone staircase leading down here.
There is a stone staircase leading up here.
You climb upwards.
There is a stone staircase leading down here.
(D) Dungeon (T) Temple (L) Lair (A) Shoals (N) Spider Nest (M) Slime Pits (O) Orcish Mines (V) Vaults (F) Spriggan Forest (C) Crypt (U) Depths (H) Hell (Z) Zot
Where to? (Enter - D:1 @ (x,y), ? - help)
What level of the Dungeon? (default 1, ? - help)
A smoke demon and a pandemonium lord come into view.
Aloof moves out of view.
The smoke demon moves out of view.
There is a stone staircase leading up, spattered with blood here.
You climb upwards.
There is a stone staircase leading down here.
A chaos spawn comes into view.
Evoke which item? (* to show all) (? for menu, Esc to quit)
Aiming: Dig
Press: ? - help, Shift-Dir - straight line This square is covered in magical glow.
You feel a surge of power!
The rock shatters into small pieces.
Unknown command.
Evoke which item? (* to show all) (? for menu, Esc to quit)
Aiming: Dig
Press: ? - help, Shift-Dir - straight line This square is covered in magical glow.
You feel a surge of power!
The rock shatters into small pieces.
You feel very buoyant.
You fly up into the air.
There is a staircase leading out of the dungeon here.
The power of the Orb breaks the dimensional shunt like a soap bubble!
You have escaped!

#.#.....#.#..#
#.#####.#
#.#...#....⌠.#
#........
#.#####...#..#
#####.###
#......##....# ##.##
######.#####.# ##.##
#.......# ##.######
######### ##.## #...
########## ##.## #.##
#8..)@..8###.######.#
#≈.....§§#.4......#.##
#≈.....§§#.######.#.#.
#≈.....§§4.....)....#.
#≈..88§§§#..#######.#.
#≈......§#......)...#.
#≈.....§§##.#########.
#≈......≈##.###### #.
#8......8#.......# #.


There were no monsters in sight!

Vanquished Creatures
  A juggernaut (Depths:5)
  Tiamat (Zot:1)
  6 orbs of fire (Zot:5)
  2 ancient liches (Zot:5)
  7 golden dragons
  Bai Suzhen (Depths:3)
  Margery (Vaults:2)
  Arachne (Spider:2)
  2 caustic shrikes (Depths:4)
  Gastronok (D:9)
  Frederick (Vaults:3)
  An electric golem (Zot:5)
  3 rockslimes
  An Ice Fiend (Zot:2)
  Frances (D:10)
  13 tentacled monstrosities
  15 Orb Guardians
  5 titans
  2 liches (Vaults:3)
  A quicksilver dragon (Zot:1)
  A kraken (Shoals:1)
  Kirke (Spider:2)
  2 sphinxes
  4 death cobs
  10 storm dragons
  5 shadow dragons
  5 tengu reavers
  3 draconian monks
  A greenwood witch (Forest:1)
  Ilsuiw (Shoals:3)
  The ghost of fifreuwaquouxo3460 the Demon Slayer, a journeyman TrMo of the Shining One (Shoals:1)
  A draconian knight (Zot:5)
  10 frost giants
  9 fire giants
  An iron dragon (Depths:4)
  3 war gargoyles
  10 vault wardens
  A frost giant (shapeshifter) (Vaults:3)
  3 balrugs
  An orc warlord (Vaults:2)
  3 emperor scorpions (Spider:3)
  8 spriggan defenders
  2 draconian annihilators
  18 stone giants
  3 draconian shifters (Zot:1)
  3 draconian scorchers
  2 eyes of devastation
  8 ironheart preservers
  26 very ugly things
  4 elemental wellsprings
  4 green draconians
  2 vampire knights
  An entropy weaver (Vaults:1)
  4 purple draconians
  3 deep elf demonologists
  3 dire elephants
  5 black draconians
  A yellow draconian (Zot:1)
  8 spark wasps
  7 white draconians
  8 red draconians
  13 merfolk impalers
  A deep elf death mage (Depths:3)
  11 fire dragons
  5 merfolk javelineers
  A mummy priest (Depths:2)
  2 crystal guardians (Vaults:3)
  13 ettins
  7 yaktaur captains
  2 rakshasas
  7 hydras
  27 vault guards
  4 catoblepae
  5 ice dragons
  A hell beast (Depths:2)
  Psyche (D:11)
  6 merfolk avatars
  2 alligator snapping turtles
  A shadow wraith (Vaults:1)
  An anaconda (Lair:6)
  6 ogre magi
  A two-headed ogre (shapeshifter) (Depths:1)
  3 great orbs of eyes
  8 satyrs
  6 spriggan air magi
  5 merfolk aquamancers
  19 two-headed ogres
  13 death yaks
  2 death knights (Vaults:1)
  4 deep troll shamans
  A tengu warrior (Vaults:1)
  3 dancing weapons (Vaults:3)
  8 sea snakes
  2 ironheart beastmasters
  An alligator (Lair:5)
  5 deep troll earth magi
  A vampire mage (Depths:2)
  4 orc high priests
  3 deep elf knights
  A storm dragon zombie (Depths:2)
  12 spriggan berserkers
  3 soul eaters (Depths:2)
  Nergalle (D:9)
  33 centaur warriors
  The ghost of kosoiffoigrumme1174 the Covert, a novice VSMo of Okawaru (D:9)
  16 spriggans
  A goliath frog (Lair:6)
  2 sun demons
  27 deep trolls
  4 hell knights (Vaults:2)
  9 iron trolls
  An unseen horror (D:11)
  4 glowing orange brains
  4 spriggan druids
  An obsidian statue (Depths:2)
  5 orc knights
  21 ironheart convokers
  4 necromancers
  Pikel (D:9)
  A spectral wolf spider (Spider:3)
  3 flayed ghosts
  7 deep elf archers
  4 cyclopes
  A phantasmal warrior (Vaults:3)
  5 wizards
  12 harpies
  A cyclops (shapeshifter) (Vaults:1)
  2 frost giant zombies
  8 orb spiders
  23 wolf spiders
  8 deep elf magi
  A lindwurm (Lair:6)
  3 orc sorcerers (Orc)
  A fire giant zombie (Vaults:1)
  18 moths of wrath
  27 ugly things
  A salamander (shapeshifter) (Depths:3)
  23 fauns
  A toenail golem (D:11)
  2 oklob plants
  11 manticores
  10 merfolk sirens
  2 will-o'-wisps
  7 vault sentinels
  4 black mambas
  2 elephants (Lair:6)
  14 water nymphs
  3 rust devils
  12 cane toads
  A torpor snail (Lair:5)
  A gargoyle (D:12)
  3 efreet
  18 jumping spiders
  7 komodo dragons
  5 rime drakes
  2 kobold demonologists
  3 freezing wraiths
  A spectral jumping spider (Spider:3)
  6 demonic crawlers
  2 ice devils
  16 yaktaurs
  A tengu conjurer (D:12)
  A meliai (Spider:3)
  An eye of draining (D:5)
  A polar bear (shapeshifter) (Vaults:3)
  3 trolls
  2 red devils
  A polar bear (Lair:2)
  A queen bee (D:8)
  23 merfolk
  A harpy skeleton (D:11)
  A spectral tarantella (Spider:3)
  8 hippogriffs
  20 hornets
  32 slime creatures
  5 snapping turtles
  A spectral manticore (Shoals:1)
  A spectral merfolk (Shoals:1)
  2 wind drakes (Shoals:3)
  16 dream sheep
  11 blink frogs
  A snapping turtle (shapeshifter) (Vaults:3)
  An ettin skeleton (Depths:2)
  15 tarantellas
  A sea snake simulacrum (Shoals:1)
  2 shadows
  A hog (shapeshifter) (D:11)
  A human (shapeshifter) (Vaults:3)
  3 fire elementals (Spider:2)
  A ynoxinul (Depths:3)
  A hog (Spider:2)
  42 water elementals
  2 wyverns (Lair:6)
  27 yaks
  2 basilisks
  2 hungry ghosts (D:12)
  6 vampire mosquitoes
  An elf skeleton (Vaults:1)
  3 steam dragons
  23 redbacks
  A jumping spider zombie (Spider:3)
  A water moccasin (shapeshifter) (D:11)
  8 crocodiles
  4 wargs
  6 water moccasins
  7 porcupines
  2 spectral hornets (Spider:3)
  A floating eye (Orc)
  20 orc warriors
  Purgy (Sewer)
  5 ice beasts
  2 black bears
  6 sky beasts
  4 slaves (D:9)
  A phantom (D:4)
  3 wolves (Lair:1)
  A merfolk simulacrum (Shoals:1)
  A necrophage (D:8)
  24 ogres
  12 boggarts
  A redback zombie (Spider:3)
  4 kobold brigands
  A yaktaur zombie (Vaults:1)
  Blork the orc (D:6)
  7 bullfrogs
  A gnoll sergeant (D:11)
  A water nymph simulacrum (Shoals:1)
  9 centaurs
  A wyvern skeleton (D:8)
  6 scorpions
  A snapping turtle simulacrum (Shoals:1)
  12 killer bees
  12 orc priests
  3 electric eels
  7 crimson imps
  2 quasits
  2 iron imps (Depths:2)
  5 hounds
  4 jellies
  A bullfrog skeleton (D:10)
  18 orc wizards
  Terence (D:2)
  6 hell rats (Lair:6)
  16 worker ants
  2 worker ant zombies (D:9)
  12 adders
  5 gnolls (D:11)
  4 river rats
  5 shadow imps
  3 white imps (Depths:2)
  2 oozes
  An adder skeleton (D:6)
  4 worms
  A dart slug (Lair:3)
  7 leopard geckos
  58 orcs
  A giant cockroach (shapeshifter) (Depths:1)
  5 giant cockroaches
  9 goblins
  9 hobgoblins
  14 jackals
  10 quokkas
  2 ball pythons
  7 bats
  2 frilled lizards
  A jackal skeleton (D:6)
  24 kobolds
  A quokka skeleton (D:5)
  13 rats
  3 ball lightnings
  A bush (Lair:4)
  A plant (Forest:3)
1606 creatures vanquished.

Vanquished Creatures (collateral kills)
  A juggernaut (Depths:4)
  A Killer Klown (Zot:5)
  2 caustic shrikes (Depths:4)
  2 rockslimes (Depths:4)
  An electric golem (Zot:5)
  A Shadow Fiend (Zot:5)
  A Brimstone Fiend (D:12)
  3 tentacled monstrosities
  2 liches
  Asterion (Vaults:1)
  An Ice Fiend (Zot:5)
  A wendigo (Forest:2)
  5 Orb Guardians (Zot:5)
  2 titans
  A sphinx (Vaults:3)
  2 shadow dragons
  A thorn hunter (Forest:3)
  2 greenwood witches
  5 storm dragons
  2 apis
  3 frost giants
  3 fire giants
  2 draconian stormcallers (Zot:5)
  A ghost moth (Spider:2)
  An iron dragon (Depths:4)
  A draconian knight (Zot:5)
  A caustic shrike zombie (Depths:4)
  An acid blob (Depths:3)
  3 vault wardens
  3 draconian scorchers
  3 stone giants
  A draconian annihilator (Zot:5)
  7 spriggan defenders
  4 ironheart preservers
  A caustic shrike skeleton (Depths:4)
  13 very ugly things
  A green draconian (Zot:5)
  A red draconian (Depths:5)
  3 purple draconians
  A yellow draconian (Zot:5)
  4 spark wasps
  A dire elephant (Vaults:3)
  2 fire dragons
  Azrael (Spider:2)
  An ettin (Zot:1)
  2 merfolk impalers (Shoals:3)
  A deep elf high priest (Vaults:3)
  3 ice dragons
  7 yaktaur captains
  6 vault guards
  8 spriggan air magi
  2 ogre magi
  A shadow wraith (Vaults:2)
  A rakshasa (Vaults:2)
  A two-headed ogre (D:11)
  A merfolk aquamancer (Shoals:2)
  A satyr (Forest:3)
  2 deep troll shamans (Depths:3)
  2 death scarabs (Spider:3)
  A dancing weapon (Vaults:3)
  6 death yaks
  A deep troll earth mage (Vaults:2)
  2 spriggan berserkers
  An orc high priest (Depths:2)
  2 vampire magi (Depths:2)
  3 deep trolls
  A deep elf knight (Vaults:3)
  3 centaur warriors (Vaults:3)
  A skeletal warrior (D:8)
  2 hell knights
  An iron troll (Zot:1)
  2 spriggan druids (Forest:3)
  A cherub (D:9)
  A swamp dragon (shapeshifter) (Vaults:3)
  A deep elf archer (Vaults:2)
  A spectral wolf spider (Spider:3)
  4 wizards
  8 ugly things
  A necromancer (Vaults:2)
  A wolf spider (Spider:2)
  2 harpies (Shoals:2)
  2 ironheart convokers
  An orc knight (Orc)
  2 orb spiders
  A phantasmal warrior (Vaults:2)
  3 deep elf magi
  A fire giant zombie (Depths:4)
  An orc sorcerer (Orc)
  An oklob plant (Forest:3)
  3 moths of wrath
  3 fauns
  An elephant (Depths:3)
  A black mamba (Lair:6)
  A merfolk siren (Shoals:3)
  2 vault sentinels
  A water nymph (Lair:1)
  An orange demon (Depths:3)
  A cane toad (Lair:1)
  A jumping spider (shapeshifter) (Vaults:3)
  3 demonic crawlers (Spider:3)
  A kobold demonologist (Depths:2)
  3 jumping spiders
  An efreet (Zot:1)
  A dryad (Forest:2)
  A freezing wraith (Vaults:3)
  15 yaktaurs
  A spectral jumping spider (Spider:3)
  3 red devils (Zot:5)
  A tengu conjurer (Vaults:1)
  A merfolk (Shoals:3)
  2 meliai (Spider:3)
  A troll (D:7)
  A slime creature (Depths:2)
  A spectral tarantella (Spider:3)
  10 hornets
  A tarantella zombie (Spider:3)
  A spectral redback (Spider:3)
  A dream sheep (Depths:3)
  2 tarantellas
  8 spriggans
  A snapping turtle (Shoals:3)
  2 water elementals
  2 fire elementals (Spider:2)
  A wraith (Vaults:1)
  A hungry ghost (D:11)
  2 jumping spider zombies (Spider:3)
  A spectral snapping turtle (Shoals:1)
  3 orc warriors
  7 ogres
  A redback zombie (Spider:3)
  A merfolk simulacrum (Shoals:1)
  An orc priest (Orc)
  2 adders
  4 orcs
299 creatures vanquished.

Vanquished Creatures (others)
  2 Orb Guardians (Zot:5)
  A frost giant (Zot:1)
  A war gargoyle (Vaults:3)
  A fire giant (Depths:4)
  A ghost moth (Zot:5)
  A vault warden (Vaults:1)
  A very ugly thing (Depths:2)
  An elemental wellspring (Forest:2)
  2 stone giants
  An entropy weaver (Spider:1)
  A deep elf demonologist (Vaults:2)
  2 merfolk javelineers (Shoals:3)
  4 yaktaur captains
  A rakshasa (Depths:3)
  An anaconda (Forest:2)
  A satyr (Shoals:3)
  A death knight (Vaults:1)
  6 death scarabs (Spider:3)
  A centaur warrior (D:11)
  A deep elf archer (Vaults:2)
  A cyclops (Shoals:1)
  A spectral wolf spider (Spider:3)
  An ironheart convoker (Vaults:2)
  2 orb spiders (Spider:1)
  2 deep elf magi (Vaults:2)
  A moth of wrath (Zot:5)
  2 fauns
  A water nymph (Shoals:3)
  A vault sentinel (Vaults:2)
  3 spectral jumping spiders (Spider:3)
  7 yaktaurs
  3 demonic crawlers
  3 jumping spiders (Spider:1)
  2 merfolk
  A spectral tarantella (Spider:3)
  A spectral redback (Spider:3)
  3 humans (Spider:3)
  A redback (Spider:1)
  2 spectral hornets (Spider:3)
  2 ogres (Vaults:2)
  2 centaurs (Shoals:3)
  An orc priest (Orc)
  A white imp (Depths:1)
  45 ball lightnings
  10 bushes (Lair:6)
  19 fungi
  49 plants
  8 tentacles (Shoals:1)
206 creatures vanquished.

Grand Total: 2111 creatures vanquished

Notes
Turn   | Place    | Note
-------+----------+-------------------------------------------
     0 | D:1      | Artagas the Oni Wanderer began the quest for the Orb.
     0 | D:1      | Artagas set off with the following items: a +0 short sword,
                  | a +0 medium shield, a +0 animal skin, a ration {!d}; and
                  | the following spells available to memorise: Apportation,
                  | Corona, Infusion, Sandblast, Slow, Summon Butterflies
     0 | D:1      | Reached XP level 1. HP: 16/16 MP: 5/5
     2 | D:1      | Learned a level 1 spell: Infusion
     4 | D:1      | Learned a level 1 spell: Sandblast
     6 | D:1      | Learned a level 1 spell: Slow
   282 | D:1      | Reached skill level 2 in Short Blades
   306 | D:1      | Reached XP level 2. HP: 23/23 MP: 2/7
   772 | D:1      | Reached XP level 3. HP: 29/29 MP: 4/8
   900 | D:1      | Learned a level 2 spell: Shackle
   995 | D:2      | Found a glowing golden altar of the Shining One.
  1193 | D:2      | Reached skill level 2 in Fighting
  1226 | D:2      | Noticed Terence
  1506 | D:2      | Killed Terence
  1507 | D:2      | Reached skill level 2 in Stealth
  1507 | D:2      | Reached XP level 4. HP: 19/36 MP: 5/9
  2403 | D:3      | Found an iron altar of Okawaru.
  2411 | D:3      | Reached skill level 3 in Short Blades
  2752 | D:3      | Noticed an ogre
  2910 | D:3      | Reached XP level 5. HP: 41/41 MP: 4/10
  3438 | D:3      | Killed an ogre
  3439 | D:3      | Reached skill level 3 in Fighting
  3439 | D:3      | Reached skill level 4 in Short Blades
  3439 | D:3      | Reached skill level 3 in Stealth
  3439 | D:3      | Reached XP level 6. HP: 36/51 MP: 11/11
  4703 | D:3      | Reached skill level 4 in Stealth
  4807 | D:4      | Found a sacrificial altar of Ru.
  5010 | D:4      | Reached XP level 7. HP: 57/57 MP: 10/12
  5559 | D:5      | Entered Level 5 of the Dungeon
  5720 | D:5      | Found a glowing drain.
  5733 | D:5      | Reached skill level 4 in Fighting
  5745 | Sewer    | Entered a sewer
  5812 | Sewer    | Noticed Purgy
  5828 | Sewer    | Killed Purgy
  5829 | Sewer    | Reached skill level 5 in Short Blades
  6000 | D:5      | Found a shimmering altar of Xom.
  6002 | D:5      | Found a snail-covered altar of Cheibriados.
  6114 | D:5      | Found a sparkling altar of Nemelex Xobeh.
  6167 | D:5      | Became a worshipper of Nemelex Xobeh the Trickster
  6193 | D:5      | Reached XP level 8. HP: 67/67 MP: 13/13
  6420 | D:5      | Reached skill level 5 in Fighting
  6623 | D:6      | Found a shattered altar of Ashenzari.
  6665 | D:6      | Reached skill level 6 in Short Blades
  6665 | D:6      | Reached skill level 1 in Invocations
  6671 | D:6      | Received a gift from Nemelex Xobeh
  6738 | D:6      | Reached skill level 2 in Invocations
  6841 | D:6      | Reached skill level 3 in Invocations
  6876 | D:6      | Reached skill level 4 in Invocations
  7101 | D:6      | Noticed Blork the orc
  7114 | D:6      | Killed Blork the orc
  7129 | D:6      | Found a staircase to the Ecumenical Temple.
  7172 | D:6      | Reached * piety under Nemelex Xobeh
  7624 | D:6      | Reached skill level 7 in Short Blades
  7679 | D:7      | Noticed a troll
  7689 | D:7      | Killed a troll
  7690 | D:7      | Reached skill level 1 in Armour
  7690 | D:7      | Reached skill level 2 in Dodging
  7690 | D:7      | Reached XP level 9. HP: 74/74 MP: 14/14
  7700 | D:7      | Reached skill level 2 in Armour
  7866 | D:7      | Reached skill level 3 in Dodging
  7987 | D:7      | Found a shimmering altar of Xom.
  8325 | D:7      | Reached skill level 3 in Armour
  8453 | D:7      | Reached skill level 4 in Dodging
  8768 | D:8      | Received a gift from Nemelex Xobeh
  8929 | D:7      | Reached skill level 6 in Fighting
  9013 | D:8      | Noticed a queen bee
  9035 | D:8      | Killed a queen bee
  9163 | D:8      | Reached skill level 7 in Fighting
  9298 | D:8      | Reached skill level 8 in Short Blades
  9350 | D:8      | Reached XP level 10. HP: 80/86 MP: 10/15
  9368 | D:8      | Reached skill level 5 in Invocations
  9550 | D:8      | Noticed a skeletal warrior
  9559 | D:8      | Killed a skeletal warrior
  9560 | D:8      | Reached skill level 4 in Armour
  9560 | D:8      | Reached skill level 5 in Dodging
  9577 | D:8      | Found Perozee's Book Shoppe.
  9663 | D:8      | Reached ** piety under Nemelex Xobeh
  9701 | D:8      | Reached skill level 6 in Invocations
 10045 | D:8      | Found a staircase to the Lair.
 10091 | D:8      | Reached skill level 2 in Throwing
 10120 | Lair:1   | Entered Level 1 of the Lair of Beasts
 10120 | Lair:1   | Received a gift from Nemelex Xobeh
 10202 | Lair:1   | Reached skill level 3 in Throwing
 10358 | D:8      | Reached skill level 4 in Throwing
 10546 | Lair:1   | Noticed a cane toad
 10566 | Lair:1   | Killed a cane toad
 10567 | Lair:1   | Reached skill level 7 in Invocations
 10669 | Lair:1   | Noticed a cane toad
 10692 | Lair:1   | Killed a cane toad
 10744 | Lair:1   | HP: 10/88 [wolf (7)]
 10747 | Lair:1   | Reached XP level 11. HP: 36/94 MP: 9/18
 10829 | Lair:1   | Reached skill level 8 in Fighting
 11026 | Lair:1   | Reached skill level 9 in Short Blades
 11411 | Lair:1   | Noticed an oklob plant
 11422 | Lair:1   | Noticed a four-headed hydra
 11426 | Lair:1   | a four-headed hydra changed into a water nymph
 11819 | Lair:1   | Got a bloodstained leather armour {@q1}
 11920 | Lair:1   | Received a gift from Nemelex Xobeh
 11981 | Lair:1   | Reached skill level 9 in Fighting
 11996 | Lair:1   | Identified the cursed +0 leather armour of Weightlessness
                  | {rF+ SInv, @q1} (You found it on level 1 of the Lair of
                  | Beasts)
 12229 | Lair:2   | Got a clouded steel ring
 12242 | Lair:2   | Identified the ring "Wionlat" {Fire Dex+3} (You found it on
                  | level 2 of the Lair of Beasts)
 12310 | Lair:2   | Reached *** piety under Nemelex Xobeh
 12382 | Lair:2   | Found a gate leading to a gauntlet.
 12426 | Lair:2   | Reached skill level 10 in Short Blades
 12434 | Gauntlet | Entered a Gauntlet
 12434 | Gauntlet | Found a transporter.
 12434 | Gauntlet | Found a transporter.
 12480 | Gauntlet | Noticed a moth of wrath
 12482 | Gauntlet | Found a transporter.
 12486 | Gauntlet | Found a transporter.
 12494 | Gauntlet | Noticed a green ugly thing
 12495 | Gauntlet | Noticed a great orb of eyes
 12496 | Gauntlet | Found a transporter.
 12500 | Gauntlet | Found a transporter.
 12510 | Gauntlet | Found a transporter.
 12510 | Gauntlet | Noticed a cyan ugly thing
 12511 | Gauntlet | Noticed a great orb of eyes
 12531 | Gauntlet | Found a transporter.
 12548 | Gauntlet | Found a transporter.
 12552 | Gauntlet | Found a transporter.
 12553 | Gauntlet | Noticed a ghost crab
 12562 | Gauntlet | Found a transporter.
 12566 | Gauntlet | Found a transporter.
 12684 | Lair:2   | Received a gift from Nemelex Xobeh
 13077 | Lair:2   | Noticed a six-headed hydra
 13678 | Lair:3   | Noticed a seven-headed hydra
 13687 | Lair:3   | Noticed an eye of devastation
 13687 | Lair:3   | a seven-headed hydra changed into an eye of devastation
 13697 | Lair:3   | Killed an eye of devastation
 13698 | Lair:3   | Reached skill level 6 in Dodging
 13698 | Lair:3   | Reached skill level 3 in Spellcasting
 13698 | Lair:3   | Reached skill level 2 in Evocations
 13719 | Lair:3   | Reached skill level 3 in Evocations
 13775 | Lair:3   | Noticed Oluanan's ghost (journeyman DsFi)
 13854 | Lair:3   | Reached skill level 4 in Evocations
 13854 | Lair:3   | Found a hole to the Spider Nest.
 13901 | Lair:3   | Reached XP level 12. HP: 104/104 MP: 19/19
 13907 | Lair:3   | Found a runed translucent door.
 13988 | Lair:3   | Reached **** piety under Nemelex Xobeh
 14106 | Lair:3   | Found a staircase to the Shoals.
 14286 | Lair:3   | Reached skill level 4 in Spellcasting
 14429 | Lair:3   | Received a gift from Nemelex Xobeh
 14575 | Lair:3   | Got an ancient quarterstaff
 15473 | Lair:4   | Reached skill level 5 in Spellcasting
 15479 | Lair:4   | Learned a level 5 spell: Bolt of Draining
 15484 | Lair:4   | Learned a level 4 spell: Agony
 16518 | Lair:5   | Reached ***** piety under Nemelex Xobeh
 16571 | Lair:5   | Found a staircase to the Spriggan Forest.
 16672 | Lair:5   | Received a gift from Nemelex Xobeh
 16723 | Lair:5   | Noticed a death yak
 16746 | Lair:5   | Killed a death yak
 16747 | Lair:5   | Reached skill level 6 in Spellcasting
 16828 | Lair:5   | Learned a level 1 spell: Summon Butterflies
 17312 | Lair:5   | Reached skill level 7 in Spellcasting
 17797 | Lair:5   | Noticed an alligator
 17804 | Lair:5   | Killed an alligator
 17840 | Lair:5   | Noticed an eight-headed hydra
 17846 | Lair:5   | Killed an eight-headed hydra
 17936 | Lair:5   | Received a gift from Nemelex Xobeh
 18272 | Lair:6   | Entered Level 6 of the Lair of Beasts
 18528 | Lair:6   | Noticed a catoblepas
 18537 | Lair:6   | Noticed an eight-headed hydra
 18559 | Lair:5   | Killed a catoblepas
 18560 | Lair:5   | Reached skill level 8 in Spellcasting
 18560 | Lair:5   | Reached XP level 13. HP: 36/111 MP: 1/27
 19245 | Lair:6   | Reached skill level 9 in Spellcasting
 19872 | Lair:6   | Received a gift from Nemelex Xobeh
 20116 | Lair:6   | Received a gift from Nemelex Xobeh
 20366 | Lair:6   | Reached skill level 10 in Spellcasting
 20588 | Lair:6   | Reached skill level 8 in Invocations
 21186 | Lair:6   | Reached skill level 10 in Fighting
 21193 | Lair:6   | Got a heavily runed scale mail
 21208 | Lair:6   | Identified the +0 scale mail "Etaukhol" {Str+4 Int+4} (You
                  | found it on level 6 of the Lair of Beasts)
 21859 | D:9      | Got a slimy ring mail
 21913 | D:9      | Received a gift from Nemelex Xobeh
 21927 | D:9      | Identified the +4 ring mail of Salvation {Regen+ rCorr}
                  | (You found it on level 9 of the Dungeon)
 22038 | D:9      | Noticed Gastronok
 22063 | D:9      | Killed Gastronok
 22064 | D:9      | Reached skill level 9 in Invocations
 22064 | D:9      | Reached skill level 10 in Invocations
 22064 | D:9      | Reached XP level 14. HP: 74/121 MP: 1/30
 22390 | D:9      | Received a gift from Nemelex Xobeh
 22547 | D:9      | Noticed Maurice
 23021 | D:9      | Noticed Pikel
 23025 | D:9      | Killed Pikel
 23060 | D:9      | Found a runed translucent door.
 23060 | D:9      | Noticed kosoiffoigrumme1174's ghost (novice VSMo)
 23079 | D:9      | Noticed Nergalle
 23084 | D:9      | Killed Nergalle
 23438 | D:9      | Noticed Maurice
 23451 | D:9      | Killed Maurice the steam dragon
 23452 | D:9      | Reached skill level 11 in Fighting
 23548 | D:9      | Found a stormy altar of Qazlal.
 23704 | D:9      | Found a staircase to the Orcish Mines.
 23879 | D:10     | Entered Level 10 of the Dungeon
 24089 | D:10     | Received a gift from Nemelex Xobeh
 24093 | D:10     | Noticed Frances
 24105 | D:10     | Killed Frances
 24106 | D:10     | Reached skill level 5 in Armour
 24326 | D:10     | Reached skill level 5 in Evocations
 24486 | D:10     | Reached ****** piety under Nemelex Xobeh
 25029 | D:11     | Reached skill level 6 in Armour
 25058 | D:11     | Reached skill level 7 in Dodging
 25433 | D:11     | Got a twisted flail
 25451 | D:11     | Found Mire's Gadget Shoppe.
 25453 | D:11     | Received a gift from Nemelex Xobeh
 25551 | D:11     | Noticed Psyche
 25555 | D:11     | Killed Psyche
 25760 | D:11     | Reached skill level 12 in Fighting
 26274 | D:11     | Reached XP level 15. HP: 132/132 MP: 31/31
 26317 | D:11     | Identified the ring of Qyblamej {+Fly rF+ rC+ MP+9 Dex-3}
 26459 | D:11     | Found a gate to the Vaults.
 26522 | D:11     | Identified the +7 flail of Jenan {drain, rElec rC+ MR++
                  | Dex+3} (You found it on level 11 of the Dungeon)
 26625 | Orc      | Entered the Orcish Mines
 26760 | Orc      | Found Detefu's General Store.
 26856 | Orc      | Bought a scroll of revelation for 48 gold pieces
 26856 | Orc      | Bought a potion of ambrosia for 48 gold pieces
 27024 | Orc      | Received a gift from Nemelex Xobeh
 27169 | Orc      | Found a roughly hewn altar of Beogh.
 27273 | Orc      | Found Otod's Assorted Antiques.
 27290 | Orc      | Reached skill level 11 in Spellcasting
 27292 | Orc      | Reached skill level 1 in Long Blades
 27302 | Orc      | Identified the +1 long sword of the Saving Messenger
                  | {speed, Str+6 Int+3 Dex-3}
 27308 | Orc      | Reached skill level 2 in Long Blades
 27421 | Orc      | Reached skill level 3 in Long Blades
 27573 | Orc      | Found Xuqoij's Armour Boutique.
 27642 | Orc      | Found Qifradgh's Antique Weapon Emporium.
 27646 | Orc      | Bought a potion of haste for 310 gold pieces
 27646 | Orc      | Bought a potion of heal wounds for 155 gold pieces
 27649 | Orc      | Found Ejig's Antique Armour Emporium.
 27661 | Orc      | Bought a runed buckler for 202 gold pieces
 27728 | Orc      | Found a viscous altar of Jiyva.
 27728 | Orc      | Found a staircase to the Slime Pits.
 27878 | Orc      | Bought a +0 pair of gloves for 54 gold pieces
 28001 | D:12     | Entered Level 12 of the Dungeon
 28021 | D:12     | Reached skill level 2 in Shields
 28051 | D:12     | Noticed Roxanne
 28129 | D:12     | Reached skill level 4 in Long Blades
 28426 | D:12     | Received a gift from Nemelex Xobeh
 28534 | D:12     | Reached skill level 3 in Shields
 28789 | D:12     | Reached skill level 5 in Long Blades
 28936 | D:12     | Reached skill level 4 in Shields
 29355 | D:12     | Found a staircase to the Depths.
 29873 | Spider:1 | Entered Level 1 of the Spider Nest
 29876 | Spider:1 | Reached skill level 6 in Long Blades
 29882 | Spider:1 | Reached skill level 5 in Shields
 29882 | Spider:1 | HP: 18/132 [twister/tornado[a card of wild magic] (8)]
 30251 | Spider:1 | Reached skill level 7 in Long Blades
 30372 | Spider:1 | Reached skill level 6 in Shields
 30472 | Spider:1 | Received a gift from Nemelex Xobeh
 30493 | Spider:1 | Reached XP level 16. HP: 127/139 MP: 33/33
 31577 | Spider:2 | Reached skill level 8 in Long Blades
 31642 | Spider:2 | Noticed Azrael
 31658 | Spider:2 | Killed Azrael
 31694 | Spider:2 | Received a gift from Nemelex Xobeh
 32242 | Spider:2 | Noticed Arachne
 32259 | Spider:2 | Killed Arachne
 32260 | Spider:2 | Reached skill level 9 in Long Blades
 32720 | Spider:3 | Entered Level 3 of the Spider Nest
 32881 | Spider:3 | Reached skill level 10 in Long Blades
 33228 | Spider:3 | Noticed Kirke
 33574 | Spider:2 | Killed Kirke
 33575 | Spider:2 | Reached skill level 11 in Long Blades
 34381 | Spider:3 | Received a gift from Nemelex Xobeh
 34433 | Spider:2 | Reached skill level 12 in Long Blades
 35121 | Shoals:1 | Entered Level 1 of the Shoals
 35144 | Shoals:1 | Found Gusk's Gadget Shoppe.
 35270 | Shoals:1 | Bought a lamp of fire for 480 gold pieces
 35660 | Shoals:1 | Found a runed translucent gate.
 35661 | Shoals:1 | Found a runed translucent gate.
 35662 | Shoals:1 | Found a runed translucent gate.
 35718 | Shoals:1 | Noticed a kraken
 36281 | Shoals:1 | Reached XP level 17. HP: 118/146 MP: 24/34
 36521 | Shoals:1 | Reached skill level 7 in Armour
 36523 | Shoals:1 | Reached skill level 8 in Dodging
 36598 | Shoals:1 | Learned a level 5 spell: Passage of Golubria
 36602 | Shoals:1 | Learned a level 3 spell: Teleport Other
 36604 | Shoals:1 | Learned a level 1 spell: Apportation
 36610 | Shoals:1 | Learned a level 5 spell: Silence
 37165 | Shoals:1 | Noticed fifreuwaquouxo3460's ghost (journeyman TrMo)
 37281 | Shoals:2 | Found a blossoming altar of Fedhas.
 37281 | Shoals:2 | Received a gift from Nemelex Xobeh
 37445 | Shoals:2 | Received a gift from Nemelex Xobeh
 37470 | Shoals:2 | Reached skill level 8 in Armour
 37873 | Shoals:1 | Killed a kraken
 38200 | Shoals:2 | Received a gift from Nemelex Xobeh
 38606 | Shoals:3 | Entered Level 3 of the Shoals
 38683 | Shoals:3 | Noticed Ilsuiw
 38716 | Shoals:3 | Killed Ilsuiw
 38988 | Shoals:3 | Reached skill level 12 in Spellcasting
 40258 | Shoals:3 | Got a barnacled rune of Zot
 40385 | Shoals:3 | Reached skill level 13 in Spellcasting
 40385 | Shoals:3 | Reached XP level 18. HP: 129/154 MP: 31/37
 40393 | Shoals:3 | Learned a level 7 spell: Shadow Creatures
 40471 | Shoals:3 | Identified the +2 scale mail "Zimi" {Regen+ Str+4 Int+5
                  | Dex-2}
 41584 | Vaults:1 | Entered Level 1 of the Vaults
 41593 | Vaults:1 | Learned a level 7 spell: Summon Fire Elementals
 41614 | Vaults:1 | Received a gift from Nemelex Xobeh
 41721 | Vaults:1 | Identified the -1 long sword "Vyzxouxt" {vamp, Int+5}
 41842 | Vaults:1 | Reached skill level 14 in Spellcasting
 41914 | Vaults:1 | Noticed Asterion
 41922 | Vaults:1 | Killed Asterion
 42917 | Vaults:1 | Found Sawnutof's Antique Weapon Boutique.
 42928 | Vaults:1 | Bought a demon blade for 585 gold pieces
 43599 | Vaults:1 | Found a staircase to the Crypt.
 43648 | Vaults:1 | Received a gift from Nemelex Xobeh
 43946 | Vaults:1 | Found Iraduimu's Gadget Shoppe.
 43949 | Vaults:1 | Found Koazyett's Armour Boutique.
 44120 | Vaults:1 | Reached XP level 19. HP: 160/160 MP: 39/39
 44139 | Vaults:1 | Reached skill level 7 in Shields
 44284 | Vaults:1 | Found Pethreakh's Book Emporium.
 44520 | Vaults:1 | Found Mohayhat's Gadget Boutique.
 44565 | Vaults:1 | Bought a wand of clouds (4) for 315 gold pieces
 44703 | Vaults:1 | Reached skill level 15 in Spellcasting
 44832 | Vaults:1 | Reached skill level 8 in Shields
 44904 | Vaults:2 | Learned a level 1 spell: Corona
 44944 | Vaults:2 | Noticed Margery
 44955 | Vaults:2 | Killed Margery
 45478 | Vaults:2 | Received a gift from Nemelex Xobeh
 45706 | Vaults:2 | Reached skill level 16 in Spellcasting
 46290 | Vaults:2 | Reached XP level 20. HP: 116/168 MP: 37/42
 46829 | Vaults:2 | Identified the cursed +3 shortbow of the Eleven Blessings
                  | {seek, rF- rC- rN++ Str+4}
 47649 | Vaults:2 | Received a gift from Nemelex Xobeh
 48046 | Forest:1 | Entered Level 1 of the Spriggan Forest
 48184 | Forest:1 | Reached skill level 17 in Spellcasting
 48400 | Forest:1 | Received a gift from Nemelex Xobeh
 49557 | Forest:2 | HP: 20/168 [anaconda collision (16)]
 49725 | Forest:2 | Received a gift from Nemelex Xobeh
 50514 | Forest:2 | Found a radiant altar of Vehumet.
 51033 | Forest:2 | Received a gift from Nemelex Xobeh
 51462 | Forest:3 | Entered Level 3 of the Spriggan Forest
 51541 | Forest:3 | Learned a level 7 spell: Mana Rupture
 51624 | Forest:3 | Identified the +1 pair of boots of Omission {MR+ Dex+5}
 52249 | Forest:3 | Reached XP level 21. HP: 161/176 MP: 37/44
 52388 | Forest:3 | Received a gift from Nemelex Xobeh
 52671 | Forest:3 | Reached skill level 13 in Fighting
 52778 | Forest:3 | Reached skill level 18 in Spellcasting
 52901 | Forest:3 | Found the +10 large shield of Ignorance {rN+ Int-4}
 52925 | Forest:3 | Identified the Reference Book on Blistering Black Magic
 53454 | Forest:3 | Reached skill level 14 in Fighting
 53931 | Forest:3 | Received a gift from Nemelex Xobeh
 54780 | Depths:1 | Entered Level 1 of the Depths
 55171 | Depths:1 | Found a gateway to Hell.
 55665 | Depths:1 | Reached skill level 15 in Fighting
 55688 | Depths:1 | Found Kehyiv's Distillery.
 55693 | Depths:1 | Bought a potion of haste for 200 gold pieces
 55693 | Depths:1 | Bought a potion of haste for 200 gold pieces
 55693 | Depths:1 | Bought a potion of haste for 200 gold pieces
 55693 | Depths:1 | Bought a potion of heal wounds for 100 gold pieces
 55693 | Depths:1 | Bought a potion of heal wounds for 100 gold pieces
 55693 | Depths:1 | Bought a potion of heal wounds for 100 gold pieces
 55693 | Depths:1 | Bought a potion of curing for 50 gold pieces
 55693 | Depths:1 | Bought a potion of ambrosia for 80 gold pieces
 55693 | Depths:1 | Bought a potion of curing for 50 gold pieces
 55693 | Depths:1 | Bought a potion of curing for 50 gold pieces
 55693 | Depths:1 | Bought a potion of cancellation for 100 gold pieces
 56373 | Spider:3 | Received a gift from Nemelex Xobeh
 56738 | Spider:3 | Identified the ring of Zygaquumm {Ice Dex+4}
 56783 | Spider:3 | Reached skill level 11 in Invocations
 56923 | Spider:3 | Found a huge runed gate.
 56923 | Spider:3 | Found a huge runed gate.
 56923 | Spider:3 | Found a huge runed gate.
 56923 | Spider:3 | Found a huge runed gate.
 56924 | Spider:3 | Found a huge runed gate.
 56945 | Spider:3 | Reached skill level 12 in Invocations
 56993 | Spider:3 | Got a gossamer rune of Zot
 57121 | Spider:3 | Received a gift from Nemelex Xobeh
 57802 | Depths:2 | Reached XP level 22. HP: 192/192 MP: 39/46
 57997 | Depths:2 | Received a gift from Nemelex Xobeh
 58008 | Depths:2 | Reached skill level 13 in Invocations
 58310 | Depths:2 | Found a one-way gate to the infinite horrors of the Abyss.
 58326 | Depths:2 | Reached skill level 9 in Armour
 58743 | D:11     | Learned a level 7 spell: Spellforged Servitor
 59010 | Depths:2 | Identified the amulet of Uriqovi {RegenMP +Blink rN+++
                  | Dex-2 Stlth+}
 59187 | Depths:2 | Reached skill level 10 in Armour
 59316 | Depths:2 | Received a gift from Nemelex Xobeh
 59340 | Depths:2 | Found a shimmering blue altar of Sif Muna.
 60919 | Depths:3 | Reached skill level 16 in Fighting
 61374 | Depths:3 | Reached XP level 23. HP: 140/201 MP: 40/47
 61711 | Depths:3 | Reached skill level 9 in Dodging
 61840 | Depths:3 | Noticed Bai Suzhen
 61850 | Depths:3 | Reached skill level 17 in Fighting
 61852 | Depths:3 | Reached skill level 11 in Armour
 61988 | Depths:3 | Killed Bai Suzhen
 61989 | Depths:3 | Reached XP level 24. HP: 184/211 MP: 47/47
 62187 | Depths:3 | Found a runed translucent gate.
 62187 | Depths:3 | Found a runed translucent gate.
 62187 | Depths:3 | Found a runed translucent gate.
 62191 | Depths:3 | Noticed Oweni Yrr's ghost (adept DrTm)
 62452 | Depths:3 | Noticed tronn's ghost (legendary GnFi)
 62589 | Depths:3 | Found a one-way gate leading to the halls of Pandemonium.
 62807 | Depths:3 | Received a gift from Nemelex Xobeh
 62851 | Depths:3 | Found a portal to a secret trove of treasure.
 63666 | Depths:3 | Identified the +1 pair of gloves of the Earth {rF+}
 63729 | Depths:4 | Reached skill level 14 in Invocations
 63936 | Depths:4 | Reached skill level 12 in Armour
 64262 | Depths:4 | Received a gift from Nemelex Xobeh
 64275 | Depths:4 | Found a gateway to a ziggurat.
 64610 | Depths:4 | Reached skill level 13 in Armour
 64693 | Depths:4 | Noticed a caustic shrike
 64693 | Depths:4 | Noticed a caustic shrike
 64693 | Depths:4 | Noticed a caustic shrike
 64693 | Depths:4 | Noticed a caustic shrike
 64700 | Depths:4 | Killed a caustic shrike
 64702 | Depths:4 | Killed a caustic shrike
 64702 | Depths:4 | Killed a caustic shrike
 64702 | Depths:4 | Killed a caustic shrike
 64893 | Depths:4 | Noticed a juggernaut
 64906 | Depths:4 | Killed a juggernaut
 64907 | Depths:4 | Reached skill level 18 in Fighting
 64973 | Depths:4 | Identified the +1 robe of a bazaar {rN+ Int+3}
 67084 | Shoals:1 | Killed fifreuwaquouxo3460's ghost
 67459 | D:9      | Killed kosoiffoigrumme1174's ghost
 67587 | Vaults:3 | Entered Level 3 of the Vaults
 67587 | Vaults:3 | Noticed a golden dragon
 67595 | Vaults:3 | Reached skill level 14 in Armour
 67631 | Vaults:3 | Identified the +0 trident of Duty {protect, rF- Str+2 Int+3
                  | Dex+4}
 67634 | Vaults:3 | Reached XP level 25. HP: 127/222 MP: 24/47
 67682 | Vaults:3 | Killed a golden dragon
 67692 | Vaults:3 | Received a gift from Nemelex Xobeh
 67783 | Vaults:3 | Reached skill level 19 in Fighting
 67830 | Vaults:3 | HP: 30/227 [shadow dragon/bolt of negative energy (46)]
 67836 | Vaults:3 | HP: 31/227 [vault guard/+0 battleaxe (22)]
 67882 | Vaults:3 | Noticed Frederick
 67896 | Vaults:3 | Killed Frederick
 67897 | Vaults:3 | Reached skill level 9 in Shields
 68129 | Vaults:3 | Reached skill level 15 in Invocations
 68367 | Vaults:3 | Identified the +9 spear of Areic {pierce, MR+ Str+4 Stlth-}
 68434 | Vaults:3 | Reached skill level 16 in Invocations
 68608 | Vaults:3 | Found Matogahol's Jewellery Shoppe.
 69076 | Vaults:3 | Identified a scroll of acquirement
 69080 | Vaults:3 | Noticed a golden dragon
 69096 | Vaults:3 | Killed a golden dragon
 69097 | Vaults:3 | Reached skill level 10 in Dodging
 69097 | Vaults:3 | Reached skill level 10 in Shields
 69188 | Vaults:3 | Identified the amulet "Mittehyo" {Faith rN+++ Str-4 Int+3
                  | Slay+2}
 69203 | Vaults:3 | Identified the +3 hand axe of Crusades {holy, rF+ rC+ Str+4
                  | Stlth+}
 69340 | Vaults:3 | Identified the +4 buckler of Nihilism {rElec Str-2 Dex+8}
                  | (You acquired it on level 3 of the Vaults)
 69475 | Vaults:3 | Reached XP level 26. HP: 231/236 MP: 18/47
 70157 | Vaults:3 | Received a gift from Nemelex Xobeh
 70250 | Vaults:3 | Got a silver rune of Zot
 70436 | Vaults:3 | Reached skill level 15 in Armour
 70764 | Vaults:3 | Bought the ring of Thoughtfulness {rCorr Int+5} for 722
                  | gold pieces
 71003 | Depths:5 | Entered Level 5 of the Depths
 71411 | Depths:5 | Noticed a juggernaut
 71420 | Depths:5 | Killed a juggernaut
 71490 | Depths:5 | Reached skill level 19 in Spellcasting
 71640 | Depths:5 | Reached skill level 6 in Evocations
 71721 | Depths:4 | Learned a level 8 spell: Lehudib's Crystal Spear
 71969 | Depths:5 | Reached skill level 7 in Evocations
 71996 | Depths:5 | Received a gift from Nemelex Xobeh
 72337 | Vaults:3 | Bought the cursed ring "Douprimp" {Fire +Inv} for 527 gold
                  | pieces
 72861 | Depths:5 | Reached skill level 8 in Evocations
 73097 | Depths:5 | Received a gift from Nemelex Xobeh
 73125 | Depths:5 | Reached skill level 9 in Evocations
 73736 | Depths:5 | Found a gate to the Realm of Zot.
 73744 | Depths:5 | Reached skill level 10 in Evocations
 74067 | Zot:1    | Entered Level 1 of the Realm of Zot
 74208 | Zot:1    | Identified the +0 chain mail of Piceka {rElec rN+ Int+2
                  | Dex-3}
 74320 | Zot:1    | Identified the +4 dragonskin cloak
 74320 | Zot:1    | Noticed Tiamat
 74352 | Zot:1    | Killed Tiamat
 74353 | Zot:1    | Reached skill level 11 in Evocations
 74656 | D:11     | Bought a wand of digging (14) for 510 gold pieces
 74656 | D:11     | Bought a wand of acid (4) for 170 gold pieces
 74758 | Vaults:1 | Bought a phantom mirror for 420 gold pieces
 74758 | Vaults:1 | Bought a wand of acid (6) for 294 gold pieces
 74758 | Vaults:1 | Bought a wand of iceblast (5) for 189 gold pieces
 75155 | Zot:1    | Received a gift from Nemelex Xobeh
 75251 | Zot:1    | Identified the +1 buckler "Fiatoeq" {Str+8 Dex+3 Stlth-}
 75318 | Zot:1    | Noticed a golden dragon
 75319 | Zot:1    | Identified the +8 battleaxe of Poyru {venom, rN++}
 75327 | Zot:1    | Reached skill level 12 in Evocations
 75330 | Zot:1    | Killed a golden dragon
 75576 | Zot:1    | Reached XP level 27. HP: 220/244 MP: 34/48
 75905 | Zot:1    | Identified the +0 scale mail of Circular Logic {rC+++ MR++
                  | Stlth-}
 76146 | Zot:1    | Received a gift from Nemelex Xobeh
 76400 | Zot:1    | Reached skill level 20 in Fighting
 77161 | Zot:1    | Reached skill level 17 in Invocations
 77605 | Zot:1    | Received a gift from Nemelex Xobeh
 77923 | Zot:2    | Noticed a golden dragon
 77933 | Zot:2    | Killed a golden dragon
 78046 | Zot:3    | Upgraded the game from bcrawl-1.40.1 to bcrawl-1.40.2
 78182 | Zot:5    | Entered Level 5 of the Realm of Zot
 78182 | Zot:5    | Received a gift from Nemelex Xobeh
 78285 | Zot:5    | Reached skill level 20 in Spellcasting
 78826 | Zot:5    | Noticed an orb of fire
 78838 | Zot:5    | Gained mutation: Your magical capacity is low. (-10% MP)
                  | [an orb of fire]
 78841 | Zot:5    | Gained mutation: You are clumsy. (Dex -2) [an orb of fire]
 78843 | Zot:5    | Killed an orb of fire
 79151 | Zot:5    | Noticed a Killer Klown
 79164 | Zot:5    | Killed a Killer Klown
 79165 | Zot:5    | Reached skill level 11 in Dodging
 79165 | Zot:5    | Reached skill level 11 in Shields
 79199 | Zot:5    | Noticed an ancient lich
 79214 | Zot:5    | Killed an ancient lich
 79214 | Zot:5    | Noticed an orb of fire
 79224 | Zot:5    | Killed an orb of fire
 79227 | Zot:5    | Noticed an orb of fire
 79245 | Zot:5    | Killed an orb of fire
 79718 | Zot:5    | Noticed an orb of fire
 79722 | Zot:5    | Gained mutation: You have a pair of horns on your head. [an
                  | orb of fire]
 79731 | Zot:5    | Killed an orb of fire
 79808 | Zot:5    | Noticed an orb of fire
 79808 | Zot:5    | Gained mutation: Scrolls take you a little longer to read.
                  | [an orb of fire]
 79819 | Zot:5    | Killed an orb of fire
 79839 | Zot:5    | Noticed a golden dragon
 79847 | Zot:5    | Killed a golden dragon
 80045 | Zot:5    | Noticed an ancient lich
 80052 | Zot:5    | Killed an ancient lich
 80243 | Zot:5    | Noticed a golden dragon
 80245 | Zot:5    | Noticed an orb of fire
 80245 | Zot:5    | Noticed a golden dragon
 80251 | Zot:5    | Gained mutation: You have very sharp fingernails. [an orb
                  | of fire]
 80258 | Zot:5    | Gained mutation: You are weak. (Str -2) [an orb of fire]
 80259 | Zot:5    | Gained mutation: Armour fits poorly on your strangely
                  | shaped body. [an orb of fire]
 80264 | Zot:5    | Killed an orb of fire
 80265 | Zot:5    | Reached skill level 21 in Spellcasting
 80270 | Zot:5    | Killed a golden dragon
 80274 | Zot:5    | Killed a golden dragon
 80441 | Zot:5    | Received a gift from Nemelex Xobeh
 80609 | Zot:5    | Got the Orb of Zot
 80617 | Zot:5    | Noticed a Killer Klown
 80647 | Zot:5    | Noticed a Killer Klown
 80683 | Zot:4    | Lost mutation: You are clumsy. (Dex -2) [potion of
                  | mutation]
 80683 | Zot:4    | Lost mutation: Your magical capacity is low. (-10% MP)
                  | [potion of mutation]
 80683 | Zot:4    | Lost mutation: You have a pair of horns on your head.
                  | [potion of mutation]
 80683 | Zot:4    | Gained mutation: Potions are less effective at restoring
                  | your health. [potion of mutation]
 80683 | Zot:4    | Gained mutation: You expend magic power (3 MP) to
                  | strengthen your wands. [potion of mutation]
 80684 | Zot:4    | Lost mutation: You have very sharp fingernails. [potion of
                  | mutation]
 80684 | Zot:4    | Lost mutation: Scrolls take you a little longer to read.
                  | [potion of mutation]
 80684 | Zot:4    | Gained mutation: You are clumsy. (Dex -2) [potion of
                  | mutation]
 80684 | Zot:4    | Gained mutation: You occasionally shout uncontrollably at
                  | your foes. [potion of mutation]
 80684 | Zot:4    | Gained mutation: You have supernaturally acute eyesight.
                  | (SInv) [potion of mutation]
 80685 | Zot:4    | Lost mutation: You occasionally shout uncontrollably at
                  | your foes. [potion of mutation]
 80685 | Zot:4    | Lost mutation: Armour fits poorly on your strangely shaped
                  | body. [potion of mutation]
 80685 | Zot:4    | Gained mutation: You possess an exceptional clarity of
                  | mind. [potion of mutation]
 80685 | Zot:4    | Lost mutation: You are clumsy. (Dex -2) [potion of
                  | mutation]
 80685 | Zot:4    | Gained mutation: You can translocate small distances at
                  | will. [potion of mutation]
 81178 | D:6      | Noticed Siny the pandemonium lord
 81268 | D:2      | Noticed Aloof the pandemonium lord
 81305 | D:$      | Escaped with the Orb!

Skill      XL: |  1  2  3  4  5  6  7  8  9 10 11 12 13 14 15 16 17 18 19 20 21 22 23 24 25 26 27 |
---------------+----------------------------------------------------------------------------------+-----
Short Blades   | 2 3 4 5 7 8 10 | 10.0
Fighting       | 2 3 4 5 7 9 10 12 15 16 17 18 19 20 | 20.0
Stealth        | 2 3 4 |  4.1
Invocations    | 4 7 10 12 13 14 16 17 | 17.0
Armour         | 1 3 4 6 8 10 11 14 15 | 15.0
Dodging        | 2 4 5 6 7 8 9 10 11 | 11.0
Throwing       | 4 |  4.0
Spellcasting   | 3 8 10 11 13 14 16 17 18 19 21 | 21.9
Evocations     | 4 5 12 | 12.0
Long Blades    | 7 12 | 12.5
Shields        | 6 8 10 11 | 11.0
Conjurations   | | 21.9
Hexes          | | 21.9
Charms         | | 21.9
Summonings     | | 21.9
Necromancy     | | 21.9
Translocations | | 21.9
Transmutations | | 21.9
Fire Magic     | | 21.9
Ice Magic      | | 21.9
Air Magic      | | 21.9
Earth Magic    | | 21.9
Poison Magic   | | 21.9

Action                   |  1- 3 |  4- 6 |  7- 9 | 10-12 | 13-15 | 16-18 | 19-21 | 22-24 | 25-27 || total
-------------------------+-------+-------+-------+-------+-------+-------+-------+-------+-------++-------
Melee: Short sword       |   126 |    50 |       |   165 |   702 |       |       |       |       ||  1043
       Headbutt          |    12 |    41 |    67 |   196 |   143 |    69 |    89 |   100 |   278 ||   995
       Bite              |     6 |    20 |    39 |    88 |    91 |    51 |    52 |    50 |   166 ||   563
       Dagger            |       |   158 |   498 |   599 |       |       |       |       |       ||  1255
       Scimitar          |       |       |       |       |   105 |   551 |       |       |       ||   656
       Staff             |       |       |       |       |     2 |       |     6 |       |       ||     8
       Unarmed           |       |       |       |       |       |    14 |       |       |       ||    14
       Flail             |       |       |       |       |       |     1 |     3 |     6 |       ||    10
       Demon blade       |       |       |       |       |       |    56 |   690 |   545 |  1202 ||  2493
 Fire: Blowgun           |       |     7 |    10 |     3 |       |       |       |       |       ||    20
Throw: Tomahawk          |       |       |    45 |    62 |    61 |    56 |     4 |     3 |     2 ||   233
       Javelin           |       |       |       |    19 |     3 |       |    18 |       |    58 ||    98
 Cast: Infusion          |    26 |    32 |    51 |    67 |    18 |    46 |    57 |    32 |    94 ||   423
       Slow              |     5 |    18 |     8 |    14 |       |       |       |       |       ||    45
       Sandblast         |     5 |     1 |    14 |    15 |     2 |       |       |       |       ||    37
       Shackle           |       |       |     3 |     8 |       |       |       |       |       ||    11
       Agony             |       |       |       |    21 |    94 |   133 |    82 |    27 |    41 ||   398
       Bolt of Draining  |       |       |       |     2 |   193 |   282 |   199 |   105 |   170 ||   951
       Summon Butterflie |       |       |       |     1 |       |       |       |     1 |       ||     2
       Shadow Creatures  |       |       |       |       |       |     6 |    76 |    47 |    43 ||   172
       Summon Fire Eleme |       |       |       |       |       |       |    18 |    15 |    17 ||    50
       Corona            |       |       |       |       |       |       |     3 |     2 |       ||     5
       Spellforged Servi |       |       |       |       |       |       |       |     5 |    17 ||    22
       Mana Rupture      |       |       |       |       |       |       |       |     1 |       ||     1
       Lehudib's Crystal |       |       |       |       |       |       |       |       |     5 ||     5
Invok: Deal Four         |       |       |       |       |     1 |     2 |     3 |     3 |     6 ||    15
 Abil: Draw Destruction  |       |       |     3 |    15 |     5 |     7 |     4 |     4 |     1 ||    39
       Draw Summoning    |       |       |     1 |     6 |     7 |    17 |     8 |    10 |    11 ||    60
       Draw Escape       |       |       |       |     1 |       |       |       |     1 |       ||     2
       Evoke Flight      |       |       |       |       |       |     1 |     1 |       |       ||     2
       Stop Flying       |       |       |       |       |       |       |     1 |       |       ||     1
       Evoke Invisibilit |       |       |       |       |       |       |       |       |     3 ||     3
Evoke: Wand              |       |       |       |     1 |    15 |    35 |    12 |    33 |    28 ||   124
       Phial of floods   |       |       |       |       |       |     1 |       |       |     1 ||     2
       Lamp of fire      |       |       |       |       |       |       |     3 |     2 |     2 ||     7
       Box of beasts     |       |       |       |       |       |       |       |       |     1 ||     1
  Use: Scroll            |     5 |     7 |     5 |    10 |    11 |    12 |     5 |    10 |    16 ||    81
       Potion            |       |       |       |     1 |     4 |     4 |     4 |     3 |    25 ||    41
 Stab: Sleeping          |     1 |     3 |     9 |    12 |     5 |       |       |     1 |       ||    31
       Distracted        |       |       |       |     1 |     2 |     1 |     5 |     8 |    11 ||    28
       Confused          |       |       |       |     1 |       |       |       |     1 |     1 ||     3
       Petrified         |       |       |       |       |     1 |       |       |     2 |     5 ||     8
       Petrifying        |       |       |       |       |       |       |       |       |     1 ||     1
       Invisible         |       |       |       |       |       |       |       |       |     3 ||     3
       Paralysed         |       |       |       |       |       |       |       |       |     2 ||     2
  Eat: Chunk             |     6 |    18 |    23 |    30 |    66 |    53 |    63 |    29 |    37 ||   325
       Ration            |       |       |     1 |     5 |     8 |    10 |     5 |     7 |    13 ||    49
Armor: Animal skin       |    28 |    12 |       |       |       |       |       |       |       ||    40
       Ring mail         |       |    44 |    47 |    21 |   216 |       |       |       |       ||   328
       Troll leather arm |       |       |   179 |   122 |       |       |       |       |       ||   301
       Scale mail        |       |       |       |       |    55 |   511 |   218 |   111 |       ||   895
       Storm dragon scal |       |       |       |       |       |       |       |   117 |   353 ||   470
Dodge: Dodged            |    70 |   103 |   306 |   316 |   362 |   376 |   203 |   228 |   325 ||  2289
Block: Medium shield     |     6 |       |       |       |       |       |       |       |       ||     6
       Other             |       |       |       |    94 |   141 |     2 |       |       |       ||   237
       Reflection        |       |       |       |     7 |     6 |    92 |    64 |    39 |    51 ||   259
       Buckler           |       |       |       |       |   110 |   746 |   457 |   469 |   663 ||  2445

Levels and vault maps discovered:
D:1:      lightli_arrival_noodles, layout_basic, serial_park_tiny_1,
          hangedman_feature_mirror
D:2:      layout_loops_ring, tso_metal_star, uniq_terence
D:3:      layout_loops_ring, serial_glass, glass_columns_c, glass_columns_b,
          glass_columns_a, glass_columns_a, glass_columns_b, glass_columns_b,
          glass_columns_b, glass_columns_c, dk_noncrumbling_2, okawaru_trees_1
D:4:      layout_gridville, old_standard_altar, kennysheep_generic_room_6
D:5:      layout_loops_ring, nemelex_xobeh_ov_fountains_minmay,
          nicolae_overflow_hidden_temple, first_ration, gup_sewer_entry_spiral,
          minmay_misc_feat_more_columns
D:6:      layout_basic, minmay_temple_entry_wispy, cheibrodos_ashenzari_chains,
          uniq_blork_the_orc
D:7:      layout_layer_cave, basic_altar
D:8:      layout_basic, david_lair_shrubbed, serial_shops, shop, david_nohive_1,
          hex_large
D:9:      layout_long_grid, lemuel_coloured_pillars_altar, david_orc_4,
          gammafunk_ghost_grave, minmay_quadrilaterals, uniq_pikel,
          uniq_gastronok, uniq_nergalle, uniq_maurice
D:10:     layout_long_grid, minmay_fractal_squares_diagonal_5, uniq_frances
D:11:     layout_rooms, hangedman_vaults_entry_quadrant_bands, serial_shops,
          nicolae_shop_statue_plus, hangedman_misty_isle, uniq_psyche
D:12:     grunt_enter_depths_hoard, layout_loops_corners, minmay_misc_feat_rows,
          uniq_roxanne
Lair:1:   layout_roguey, guppyfry_lair_drakes, grunt_megastairs_2,
          serial_bayou_shore_b, minmay_lair_oklob_chamber
Lair:2:   layout_cave_pods, gauntlet_entry_generic, serial_bayou_pond_a,
          grunt_megastairs_1
Lair:3:   layout_gridlike, minmay_shoals_entry_centaurs,
          nicolae_spider_entry_non_spiders, hellmonk_ghost_happy_afterlife,
          serial_bayou_shore_a, grunt_megastairs_5
Lair:4:   layout_loops_ring, minmay_lair_oklob_items, grunt_megastairs_4
Lair:5:   layout_cave_pods, dummy_forest_entry
Lair:6:   hangedman_lair_in_review, layout_long_grid, minmay_hedge_maze,
          chequers_serial_rivers_room_a, nicolae_quartered_pool_super,
          kennysheep_abandoned_house
Shoals:1: layout_shoals, gammafunk_ghost_necromancy, serial_shops,
          nicolae_shop_trees
Shoals:2: layout_shoals, lemuel_altar_in_water
Shoals:3: shoals_end_simple, layout_shoals, shoal_ilsuiw,
          nicolae_shoals_enchanted_isle
Spider:1: layout_spider_delve, guppyfry_spider_mini_2
Spider:2: layout_chambers, uniq_arachne, uniq_azrael
Spider:3: floodkiller_spider_rune_tomb, uniq_kirke
Orc:      st_orc_elflike, layout_caves, slime_altar_1, serial_shops, shop,
          minmay_orc_temple_a
Vaults:1: v_alt_pattern_3, v_misc_33, hangedman_vaults_corner_blocks,
          nicolae_vaults_shelves_hall, blue_anna_dwarven_crypt,
          vaults_mumra_minichess, nicolae_vaults_network_periphery, v_misc_24,
          v_misc_30, ontoclasm_vaults_ring_large, layout_vaults_omnigrid,
          serial_shops, shop, nicolae_shop_stone, nicolae_shop_trees,
          nicolae_shop_statue_plus, nicolae_shop_window_shopping, uniq_asterion
Vaults:2: hangedman_vaults_capsules, grunt_vaults_focal, vaults_dpeg_ring,
          ontoclasm_vaults_claustrophobia, nicolae_vaults_stairing_the_circle,
          hangedman_vaults_nodes, ontoclasm_vaults_ring_small, v_alt_pattern_1,
          nicolae_vaults_sealed_display, ontoclasm_vaults_ring_small,
          v_pattern_3, nicolae_vaults_circle_grid_b,
          nicolae_vaults_circle_grid_a, nicolae_vaults_border_crossing,
          v_misc_8, layout_vaults_maze, uniq_margery
Vaults:3: serial_shops, uniq_frederick
Forest:1: layout_twisted_forest
Forest:2: layout_twisted_forest, basic_altar
Forest:3: kb_forest_enchantress_palace, layout_twisted_forest
Depths:1: layout_basic, hangedman_coc_ice_floe, chequers_decorated_corner,
          serial_shops, shop, nicolae_benzene_ring, kennysheep_generic_room_14
Depths:2: lemuel_troll_bridge, layout_gridlike, abyss_entry,
          grunt_hell_entry_demonic_statue, kennysheep_path_1, minivault_16,
          hangedman_summoners_spam, infiniplex_staircase_star
Depths:3: hourglass_vault, layout_cross, minmay_misc_feat_four_crosses,
          rand_demon_pan_entry_1, gammafunk_ghost_cemetery, abyss_entry_crystal,
          hangedman_geh_valley, enter_trove_3, minmay_alternating_orb,
          uniq_bai_suzhen
Depths:4: evilmike_horseshoe, layout_basic, enter_ziggurat_c,
          marbit_kobold_abyss_entry, hell_entry, chequers_serial_rivers_marsh,
          infiniplex_staircase_zigzag_2
Depths:5: grunt_zot_entry_gee_three, layout_honeycomb, hell_entry,
          hangedman_decor_growths
Zot:1:    lemuel_halls_of_wrath, layout_onion_interference, skrybe_zot_glass_2,
          uniq_tiamat
Zot:2:    layout_gridlike
Zot:3:    layout_basic
Zot:4:    kennysheep_bubbly, layout_gridlike, regret_index_zotdec_zees,
          ebering_ghost_xom
Zot:5:    layout_concentric_octagons

Table legend:
 A = Turns spent in this place as a percentage of turns spent in the entire game.
 B = Non-inter-level travel turns spent in this place as a percentage of non-inter-level travel turns spent in the entire game.
 C = Inter-level travel turns spent in this place as a percentage of turns spent in this place.
 D = Turns resting spent in this place as a percentage of non-inter-level travel turns spent in this place.
 E = Turns spent auto-exploring this place as a percentage of non-inter-level travel turns spent in this place.
 F = Non-inter-level travel turns spent in this place divided by the number of levels of this place that you've seen.
                   A       B       C       D       E      F
               +-------+-------+-------+-------+-------+----------------------
         Total | 100.0 | 100.0 |  10.9 |  22.7 |  51.9 | 1684.0
       Dungeon |  24.2 |  22.4 |  17.6 |  13.8 |  56.6 | 1352.2
          Lair |  15.4 |  14.6 |  15.7 |  19.8 |  55.2 | 1762.8
        Shoals |   8.5 |   9.0 |   6.4 |  31.6 |  47.0 | 2161.3
   Spider Nest |   7.7 |   8.2 |   4.2 |  34.8 |  44.0 | 1991.0
  Orcish Mines |   1.6 |   1.7 |   4.0 |   0.9 |  66.0 | 1233.0
        Vaults |  11.4 |  11.7 |   8.7 |  20.9 |  50.8 | 2824.7
Spriggan Forest |   7.9 |   8.5 |   3.9 |  15.8 |  66.1 | 2054.7
        Depths |  15.2 |  15.1 |  11.7 |  27.6 |  50.4 | 2180.8
           Zot |   7.5 |   8.2 |   3.5 |  38.2 |  31.3 | 1183.0
         Sewer |   0.3 |   0.3 |   0.0 |   0.0 |  59.0 | 234.0
      Gauntlet |   0.3 |   0.3 |   0.0 |   0.0 |  80.3 | 229.0
               +-------+-------+-------+-------+-------+----------------------

Table legend:
 A = Kills in this place as a percentage of kills in entire the game.
 B = Kills by you in this place as a percentage of kills by you in the entire game.
 C = Kills by friends in this place as a percentage of kills by friends in the entire game.
 D = Other kills in this place as a percentage of other kills in the entire game.
 E = Experience gained in this place as a percentage of experience gained in the entire game.
 F = Experience gained in this place divided by the number of levels of this place that you have seen.
                   A       B       C       D       E      F
               +-------+-------+-------+-------+-------+----------------------
         Total | 100.0 | 100.0 | 100.0 | 100.0 | 100.0 | 34639.5
       Dungeon |  19.1 |  22.6 |   5.0 |   1.4 |   4.9 | 6121.4
          Lair |   7.9 |   9.4 |   1.7 |   0.0 |   3.1 | 7645.8
        Shoals |   8.4 |   9.2 |   3.3 |  13.7 |   6.7 | 33323.0
   Spider Nest |   8.7 |   7.4 |   9.7 |  32.9 |   5.5 | 27312.3
  Orcish Mines |   3.0 |   3.3 |   2.0 |   1.4 |   0.7 | 10559.0
        Vaults |  19.1 |  18.0 |  25.4 |  16.4 |  23.6 | 117312.0
Spriggan Forest |   8.4 |   7.3 |  15.4 |   4.1 |   7.4 | 36746.3
        Depths |  16.0 |  14.3 |  23.4 |  23.3 |  22.5 | 66879.6
           Zot |   9.1 |   8.3 |  14.0 |   6.8 |  25.6 | 76197.2
         Sewer |   0.3 |   0.4 |   0.0 |   0.0 |   0.0 | 142.0
               +-------+-------+-------+-------+-------+----------------------
